 Dungeon Crawl Stone Soup version 0.20-a0-1117-g62da73f (webtiles) character file.

57 grindst0ne the Skirmisher (level 3, -2/30 HPs)
             Began as a Demonspawn Berserker on May 9, 2017.
             Was a Follower of Trog.
             Slain by a gnoll
             ... wielding a +0 halberd
              (8 damage)
             ... on level 2 of the Dungeon.
             The game lasted 00:01:59 (865 turns).

grindst0ne the Skirmisher (Demonspawn Berserker)     Turns: 865, Time: 00:01:59

Health: -2/30      AC: 14    Str: 17    XL:     3   Next: 73%
Magic:  3/3        EV:  7    Int:  8    God:    Trog [*.....]
Gold:   34         SH:  0    Dex: 13    Spells: 2/2 levels left

rFire    . . .     SeeInvis .   a - +0 hand axe
rCold    . . .     Gourm    .   (no shield)
rNeg     . . .     Faith    .   j - +0 chain mail
rPois    .         Spirit   .   (no helmet)
rElec    .         Reflect  .   (no cloak)
rCorr    .         Harm     .   (no gloves)
MR       .....                  (no boots)
Stlth    ..........             (no amulet)
Regen    0.1/turn               (no ring)
MPRegen  0.1/turn               (no ring)

@: sanguine armour, slowed, very slow
A: sanguine armour 1
a: Berserk, Burn Spellbooks, Renounce Religion


You were on level 2 of the Dungeon.
You worshipped Trog.
Trog was aware of your devotion.
You were very hungry.

You visited 1 branch of the dungeon, and saw 2 of its levels.

You collected 34 gold pieces.

Inventory:

Hand Weapons
 a - a +0 hand axe (weapon)
Armour
 j - a +0 chain mail (worn)
Jewellery
 f - a +1 ring of slaying {unknown}
Scrolls
 b - a scroll of enchant armour {unknown}
 i - a scroll of fog {unknown}
 l - 2 scrolls of identify {unknown}
 n - a scroll of immolation {unknown}
 o - a scroll of recharging {unknown}
Potions
 d - a potion of brilliance {unknown}
 e - a potion of might {unknown}
 h - 2 potions of heal wounds {unknown}
 m - a potion of curing {unknown}
 p - a potion of lignification {unknown}
Comestibles
 c - a bread ration
 g - a royal jelly
 k - a chunk of flesh


   Skills:
 + Level 3.8 Fighting
 + Level 3.7 Axes
 - Level 1.7 Armour
 - Level 1.7 Dodging


You had 2 spell levels left.
You didn't know any spells.

Dungeon Overview and Level Annotations

Branches:
Dungeon (2/15)

Altars:


Innate Abilities, Weirdness & Mutations

When seriously injured, your bleeding wounds create armour. (AC +6)


Message History

Your blood congeals into armour.
You hit the gnoll.
The gnoll is almost dead.
You are no longer berserk.
You are exhausted.
You feel yourself slow down. The gnoll hits you but does no damage.
You slash the gnoll!
You kill the gnoll!
Trog accepts your kill.
The gnoll hits you from afar with a halberd.
The gnoll hits you but does no damage. The gnoll hits you with a halberd!
* * * LOW HITPOINT WARNING * * *
Items here: ( )) † a flail; an enchanted whip; a throwing net; a gnoll corpse You closely miss the gnoll.
The gnoll hits you with a halberd.
* * * LOW HITPOINT WARNING * * *
The gnoll hits you but does no damage. x2
The gnoll hits you from afar with a halberd!
You die...

#########
#.....).########.###
........@.g.)..$....
........########....
...............# .
..#######...###.#
###.# ..........#
..#.#######...#.#
######.#.#.#########.#
.....#.#.#...........#
####.#.#.#.###########


You could see a gnoll.

Vanquished Creatures
  3 gnolls (D:2)
  An adder (D:2)
  A worm (D:2)
  A leopard gecko (D:1)
  A bat (D:2)
  3 goblins (D:1)
  3 hobgoblins (D:1)
  A frilled lizard (D:1)
  3 rats (D:1)
17 creatures vanquished.

Notes
Turn   | Place    | Note
-------+----------+-------------------------------------------
     0 | D:1      | grindst0ne the Demonspawn Berserker began the quest for the Orb.
     0 | D:1      | Reached XP level 1. HP: 18/18 MP: 1/1
   367 | D:1      | Gained mutation: When seriously injured, your bleeding wounds create armour. (AC +6) [demonic ancestry]
   367 | D:1      | Reached XP level 2. HP: 21/24 MP: 2/2
   846 | D:2      | Reached XP level 3. HP: 29/29 MP: 3/3
   865 | D:2      | Slain by a gnoll

Vault maps used:
D:1:      minmay_arrival_up_and_down, minmay_misc_feat_chi, minivault_27
D:2:      first_bread, minmay_pentomino_v4

Skill      XL: |  1 |
---------------+----+-----
Axes           | 3 |  3.7
Fighting       | |  3.8
Armour         | |  1.7
Dodging        | |  1.7

Action                   || total
-------------------------++-------
Melee: Hand axe          ||    79
Invok: Berserk           ||     2
Armor: Chain mail        ||    38
       Animal skin       ||     1
Dodge: Dodged            ||    33
